 Dungeon Crawl Stone Soup version 0.28.0 (webtiles) character file.

Game seed: 2102589994248400963

221 joshe the Conjurer (level 5, 0/38 HPs)
             Began as a Demigod Conjurer on Feb 6, 2022.
             Slain by a kobold brigand (3 damage)
             ... in a sewer.
             The game lasted 00:13:41 (3507 turns).

joshe the Conjurer (Demigod Conjurer)               Turns: 3507, Time: 00:13:43

Health: 0/38       AC:  2    Str:  8    XL:     5   Next: 38%
Magic:  0/10       EV: 12    Int: 24    God:
Gold:   58         SH:  0    Dex: 12    Spells: 1/8 levels left

rFire   . . .      SeeInvis .   f - +1 spear (vamp)
rCold   . . .      Faith    .   (no shield)
rNeg    . . .      Spirit   .   a - +0 robe
rPois   .          Reflect  .   (no helmet)
rElec   .          Harm     .   (no cloak)
rCorr   .          Rampage  .   (no gloves)
Will    .....                   (no boots)
Stlth   ++........              (no amulet)
HPRegen 0.12/turn               (no ring)
MPRegen 0.12/turn               (no ring)

@: no status effects
A: high MP 1, forlorn, divine attributes
a: no special abilities


You were in a sewer.
You visited 1 branch of the dungeon, and saw 3 of its levels.
You also visited: Sewer.

You collected 58 gold pieces.

Inventory:

Hand Weapons
 f - a +1 vampiric spear (weapon)
 j - a +2 short sword of protection
Missiles
 k - 8 poisoned darts
Armour
 a - a +0 robe (worn)
Jewellery
 b - a ring of ice
Scrolls
 c - a scroll of brand weapon {unknown}
 d - 2 scrolls of teleportation {unknown}
 g - a scroll of magic mapping {unknown}
Potions
 e - a potion of attraction {unknown}
 h - 2 potions of haste {unknown}
 i - a potion of might {unknown}


   Skills:
 - Level 1.7 Dodging
 - Level 1.7 Stealth
 - Level 2.0 Spellcasting
 + Level 6.3 Conjurations


You had one spell level left.
You knew the following spells:

 Your Spells              Type           Power      Damage    Failure   Level
a - Magic Dart            Conj           100%       1d8       1%          1
b - Searing Ray           Conj           64%        2d6       1%          2
c - Fulminant Prism       Conj/Hex       8%         3d7       32%         4

Your spell library contained the following spells:

 Spells                   Type           Power      Damage    Failure   Level
 Conjure Flame            Conj/Fire      17%        6-21      10%         3
 Dazzling Flash           Conj/Hex       34%        N/A       10%         3
 Iskenderun's Mystic Bla  Conj/Tloc      17%        2d5       32%         4
 Sticky Flame             Conj/Fire      17%        2d4       32%         4
 Ignite Poison            Fire/Tmut/Pois 2%         N/A       34%         3


Dungeon Overview and Level Annotations

Branches:
Dungeon (3/15)              Sewer (1/1)


Innate Abilities, Weirdness & Mutations

You have an increased reservoir of magic. (+10% MP)
You shall have no god before yourself.
Your divine heritage dramatically boosts your attributes as you level up.


Message History

The kobold brigand is almost dead.
You feel sick.
Reach: f) +1 spear (vamp)
Press: ? - help, Dir - move target, f/p - kobold brigand
Aim: a kobold brigand, wielding a +0 short sword and quivering poisoned darts (almost dead, about 47% to evade your +1 vampiric spear)
You reach to attack!
You hit the kobold brigand but do no damage.
The kobold brigand is almost dead.
You feel sick.
Reach: f) +1 spear (vamp)
Press: ? - help, Dir - move target, f/p - kobold brigand
Aim: a kobold brigand, wielding a +0 short sword and quivering poisoned darts (almost dead, about 47% to evade your +1 vampiric spear)
You hit the kobold brigand but do no damage.
The kobold brigand is almost dead.
You feel sick.
The kobold brigand hits you with a +0 short sword.
Reach: f) +1 spear (vamp)
Press: ? - help, Dir - move target, f/p - kobold brigand
Aim: a kobold brigand, wielding a +0 short sword and quivering poisoned darts (almost dead, about 47% to evade your +1 vampiric spear)
You miss the kobold brigand.
The kobold brigand is almost dead.
You feel sick.
You are no longer poisoned.
The kobold brigand closely misses you.
The kobold brigand hits you with a +0 short sword!
* * * LOW HITPOINT WARNING * * *
Reach: f) +1 spear (vamp)
Press: ? - help, Dir - move target, f/p - kobold brigand
Aim: a kobold brigand, wielding a +0 short sword and quivering poisoned darts (almost dead, about 47% to evade your +1 vampiric spear)
You closely miss the kobold brigand.
The kobold brigand is almost dead.
The kobold brigand hits you with a +0 short sword!
* * * LOW HITPOINT WARNING * * *
Reach: f) +1 spear (vamp)
Press: ? - help, Dir - move target, f/p - kobold brigand
Aim: a kobold brigand, wielding a +0 short sword and quivering poisoned darts (almost dead, about 47% to evade your +1 vampiric spear)
You hit the kobold brigand.
You feel better.
The kobold brigand is almost dead.
The kobold brigand hits you with a +0 short sword.
You die...

#..≈# ##≈≈.# ##.≈≈.#
####### ####≈≈≈≈.#
#####≈≈≈).#
≈≈.≈....########≈≈≈≈≈#####
≈≈≈≈≈.####.≈≈..≈≈###≈≈≈≈.#
.≈..≈## #..≈≈≈≈≈≈# #######
.≈≈..####≈≈.≈≈.K≈###.≈≈≈.#
≈..≈≈.##≈≈≈≈####@≈†.≈#####
≈.≈≈≈≈≈.≈.≈## #####≈≈≈≈.#
.≈.≈≈≈.≈≈≈## #######
.∩....≈≈.≈# ....≈.≈≈≈≈#
.∩...≈≈≈K≈# ....≈.≈.≈≈##
### .≈≈≈..≈.≈≈.##
#####.≈≈≈.
≈≈..≈≈##.≈≈.####≈≈.KK#


You could see a kobold brigand.

Vanquished Creatures
  A kobold brigand (Sewer)
  3 gnolls (D:2)
  3 adders
  2 river rats (Sewer)
  4 worms
  A dart slug (D:3)
  10 ball pythons
  7 endoplasms
  3 giant cockroaches
  7 hobgoblins
  8 kobolds
  2 quokkas (D:2)
  3 bats
  A frilled lizard (D:1)
  4 goblins
  8 rats
67 creatures vanquished.

Vanquished Creatures (others)
  A fulminant prism (Sewer)
  5 toadstools (D:1)
6 creatures vanquished.

Grand Total: 73 creatures vanquished

Notes
Turn   | Place    | Note
-------+----------+-------------------------------------------
     0 | D:1      | joshe the Demigod Conjurer began the quest for the Orb.
     0 | D:1      | Reached XP level 1. HP: 14/14 MP: 5/5
   198 | D:1      | Reached skill level 4 in Conjurations
   363 | D:1      | Reached XP level 2. HP: 20/20 MP: 2/7
   366 | D:1      | Learned a level 2 spell: Searing Ray
  1333 | D:2      | Reached XP level 3. HP: 26/26 MP: 3/8
  1622 | D:2      | Reached skill level 5 in Conjurations
  1753 | D:2      | Reached XP level 4. HP: 33/33 MP: 2/9
  1759 | D:2      | Learned a level 4 spell: Fulminant Prism
  2071 | D:3      | Found a glowing drain.
  2121 | Sewer    | Entered a sewer
  2913 | Sewer    | Noticed a kobold brigand
  2925 | Sewer    | Killed a kobold brigand
  2926 | Sewer    | Reached skill level 6 in Conjurations
  2926 | Sewer    | Reached XP level 5. HP: 22/38 MP: 0/10
  3507 | Sewer    | Slain by a kobold brigand

Illustrated notes

Levels and vault maps discovered:
D:1:      ldierk_walled_garden, layout_loops_ring
D:2:      layout_rooms
D:3:      due_chaos_kobolds, layout_loops_cross, ebering_ecumenical_altar_mist,
          cheibrodos_sewer_entry_bend, minmay_misc_feat_plants,
          chequers_big_river
Sewer:    sewer_co_tree

Skill      XL: |  1  2  3  4 |
---------------+-------------+-----
Conjurations   | 4 5 6 |  6.3
Spellcasting   | 2 |  2.0
Dodging        | |  1.7
Stealth        | |  1.7

Action                   |  1- 3 |  4- 6 || total
-------------------------+-------+-------++-------
Melee: Unarmed           |     1 |       ||     1
       Spear             |       |     6 ||     6
 Cast: Magic Dart        |    81 |    55 ||   136
       Searing Ray       |     1 |     8 ||     9
       Fulminant Prism   |       |     1 ||     1
Armor: Robe              |       |     1 ||     1
Dodge: Dodged            |     7 |     6 ||    13
